 Dungeon Crawl Stone Soup version 0.28-a0-1143-gcf6077d4cc (webtiles) character file.

Game seed: 8783765487021792980

16 ducksouse the Caller (level 2, -8/13 HPs)
             Began as a Vampire Summoner on Dec 14, 2021.
             Mangled by a kobold (16 damage)
             ... on level 2 of the Dungeon.
             The game lasted 00:06:14 (1361 turns).

ducksouse the Caller (Vampire Summoner)             Turns: 1361, Time: 00:06:15

Health: -8/13      AC:  3    Str:  7    XL:     2   Next: 37%
Magic:  2/5        EV: 12    Int: 17    God:
Gold:   37         SH:  0    Dex: 14    Spells: 2/5 levels left

rFire   . . .      SeeInvis +   b - +0 rapier
rCold   + + .      Faith    .   (no shield)
rNeg    + + +      Spirit   .   a - +0 robe
rPois   ∞          Reflect  .   c - +0 helmet
rElec   .          Harm     .   (no cloak)
rCorr   .          Rampage  .   (no gloves)
Will    .....                   (no boots)
Stlth   ++++......              (no amulet)
HPRegen 0.00/turn               (no ring)
MPRegen 0.09/turn               (no ring)

@: bloodless, inhibited regen
A: bloodless, fangs 3, see invisible, vampiric 1, [frail 1]
a: Revivify


You were on level 2 of the Dungeon.
You visited 1 branch of the dungeon, and saw 2 of its levels.

You collected 37 gold pieces.

Inventory:

Hand Weapons
 b - a +0 rapier (weapon)
Armour
 a - a +0 robe (worn)
 c - a +0 helmet (worn)
Scrolls
 d - a scroll of teleportation {unknown}
 e - a scroll of blinking {unknown}
 f - a scroll of noise {unknown}


   Skills:
 + Level 2.1 Dodging
 + Level 3.0 Stealth
 + Level 2.0 Spellcasting
 + Level 4.6 Summonings


You had 2 spell levels left.
You knew the following spells:

 Your Spells              Type           Power      Damage    Failure   Level
a - Summon Small Mammal   Summ           68%        N/A       3%          1
b - Call Imp              Summ           17%        N/A       4%          2

Your spell library contained the following spells:

 Spells                   Type           Power      Damage    Failure   Level
 Call Canine Familiar     Summ           17%        N/A       9%          3
 Summon Guardian Golem    Hex/Summ       9%         N/A       22%         3
 Summon Lightning Spire   Summ/Air       9%         N/A       58%         4


Dungeon Overview and Level Annotations

Branches:
Dungeon (2/15)

Altars:


Innate Abilities, Weirdness & Mutations

You do not regenerate when monsters are visible.
You are frail without blood (-20% HP).
You can heal yourself when you bite living creatures.
You are immune to poison.
You have razor-sharp teeth.
You have supernaturally acute eyesight. (SInv)
You are afflicted with vampirism.
[You are frail. (-10% HP)]


Message History

There is a stone staircase leading down here.
You climb downwards.
There is a stone staircase leading up here.
Found a stone staircase leading down.
Found 16 arrows.
You see here 16 arrows.
A ball python and an endoplasm come into view. 2 kobolds come into view.
A kobold is wielding a +1 whip of electrocution.
Casting: Summon Small Mammal (safe; 3% risk of failure)
Confirm with . or Enter, or press ? or * to list all spells.
Casting: Summon Small Mammal (safe; 3% risk of failure)
Confirm with . or Enter, or press ? or * to list all spells.
A beastly little devil appears in a puff of flame.
Casting: Call Imp (safe; 4% risk of failure)
Confirm with . or Enter, or press ? or * to list all spells.
Found a leather armour and 3 atropa-tipped darts.
You swap places.
You swap places.
Your crimson imp blinks!
You swap places.
Your rat bites the ball python.
The ball python barely misses you. The ball python misses you.
You barely miss the ball python.
The ball python is moderately wounded.
The endoplasm quivers.
The kobold shouts!
The ball python bites you but does no damage.
The ball python grabs you. The ball python constricts you.
Your rat barely misses the ball python.
The ball python barely misses you. The ball python constricts you.
Your rat bites the ball python.
Your rat closely misses the ball python.
You puncture the ball python!
You kill the ball python!
A rat comes into view.
You swap places.
Your rat bites the endoplasm.
Your rat bites the endoplasm but does no damage.
The kobold hits you with a +1 whip of electrocution.
You are electrocuted!
Ouch! That really hurt!
You die...

.....#.##
.###.#P.##### ### ##
#.#..#.... ..# # .
#.#..##..# #.#.# ..
#.#.###..# #.#(# ...
#.# # #..####.#.#....
#.#####.... .[...r..#
#.#.#.##.####.rK....#
#.#.#...(.5r.@J.....#
#........####K......#
###.###### #.......#
#... #.......# #####
#.......# ######..#
..# .#


You could see an endoplasm (ally target), 2 kobolds, a rat, a friendly crimson
imp (summoned) and 2 friendly rats.

Vanquished Creatures
  A dart slug (D:1)
  4 ball pythons
  A quokka (D:1)
  3 bats (D:1)
  A frilled lizard (D:1)
  2 kobolds (D:1)
12 creatures vanquished.

Vanquished Creatures (collateral kills)
  An endoplasm (D:1)
  A goblin (D:1)
  A bat (D:1)
3 creatures vanquished.

Grand Total: 15 creatures vanquished

Notes
Turn   | Place    | Note
-------+----------+-------------------------------------------
     0 | D:1      | ducksouse the Vampire Summoner began the quest for the Orb.
     0 | D:1      | Reached XP level 1. HP: 13/13 MP: 3/3
   522 | D:1      | Reached XP level 2. HP: 17/19 MP: 3/5
   525 | D:1      | Learned a level 2 spell: Call Imp
  1361 | D:2      | Mangled by a kobold

Illustrated notes

Levels and vault maps discovered:
D:1:      saegor_arrival_simple_b, layout_basic
D:2:      layout_basic, basic_ecumenical_altar, serial_aquarium,
          aquarium_bridge_island_small [aquarium_subvault_small_water,
          aquarium_subvault_window, aquarium_subvault_balcony,
          aquarium_subvault_bridge, aquarium_subvault_window],
          aquarium_bridge_square [aquarium_subvault_window,
          aquarium_subvault_window, aquarium_subvault_bridge,
          aquarium_subvault_window], aquarium_window_fake,
          aquarium_window_corridor_3, aquarium_window_2, aquarium_window_1,
          aquarium_view_2f, aquarium_view_2c, aquarium_balcony_5b,
          chequers_jeans, kennysheep_flooded_box, uniq_natasha, uniq_sigmund

Action                   || total
-------------------------++-------
Melee: Rapier            ||    32
       Unarmed           ||    13
       Bite              ||     5
 Cast: Summon Small Mamm ||    13
       Call Imp          ||     3
 Abil: Exsanguinate      ||     2
       Revivify          ||     1
 Stab: Sleeping          ||     2
Armor: Robe              ||    27
Dodge: Dodged            ||    46

Table legend: (Time is in decaauts)
 A = Elapsed time spent in this place.
 B = Non-inter-level travel time spent in this place.
 C = Inter-level travel time spent in this place.
 D = Time resting spent in this place.
 E = Time spent auto-exploring this place.
 F = Levels seen in this place.
 G = Mean time per level.
                   A        B        C        D        E       F      G
               +--------+--------+--------+--------+--------+-----+--------+
         Total |   1366 |   1336 |     30 |    100 |    418 |   2 |  683.0 |
       Dungeon |   1366 |   1336 |     30 |    100 |    418 |   2 |  683.0 |
               +--------+--------+--------+--------+--------+-----+--------+

Top non-repeatable levels by time:
     D:1: 1249 daAuts
     D:2: 117 daAuts
